 Dungeon Sprint DCSS version 0.15-a0-970-ga23ad50 (webtiles) character file.

64 MDvedh the Ruinous (level 3, -13/31 HPs)
             Began as a Troll Wizard on May 23, 2014.
             Was a Follower of Vehumet.
             Mangled by a goliath beetle (29 damage)
             ... in the Dungeon (Sprint IX: "|||||||||||||||||||||||||||||").
             The game lasted 00:02:13 (241 turns).

MDvedh the Ruinous (Troll Wizard)                    Turns: 241, Time: 00:02:13

HP -13/31        AC  7     Str 18      XL: 3   Next: 91%
MP   7/7         EV  9     Int 15      God: Vehumet [*.....]
Gold 0           SH  0     Dex  8      Spells:  3 memorised,  2 levels left

rFire  . . .     SeeInvis .     (no weapon)
rCold  . . .     Clarity  .     a - +0 robe
rNeg   . . .     Conserve .     (shield restricted)
rPois  .         rCorr    .     b - +0 hat
rElec  .         rRot     .     (no cloak)
SustAb .         Spirit   .     (gloves unavailable)
rMut   .         Warding  .     (boots unavailable)
Gourm  +         NoTele   +     (no amulet)
MR     .....                    p - +3 ring of strength
                                o - +2 ring of protection

@: exhausted, hasted and slowed, not resistant to hostile enchantments, very
unstealthy
A: unfitting armour, claws 3, fast metabolism 3, gourmand, regeneration 2,
saprovore 2, shaggy fur 1, tough skin 2
a: Renounce Religion


You were in the Dungeon.
You worshipped Vehumet.
Vehumet was aware of your devotion.
You were not hungry.

You visited 1 branch

Inventory:

Armour
 a - a +0 robe (worn)
 b - a +0 hat (worn)
Magical devices
 n - a wand of draining (7)
Comestibles
 d - 2 meat rations
Scrolls
 j - 2 scrolls of blinking
 l - 3 scrolls of remove curse
 m - 2 scrolls of amnesia
Jewellery
 o - a +2 ring of protection (left claw)
 p - a +3 ring of strength (right claw)
Potions
 e - 5 potions of curing
 f - 3 potions of heal wounds
 h - 4 potions of magic
 k - a potion of invisibility
Books
 c - a book of Minor Magic

   Spells                             Type                      Level
   *Magic Dart                        Conjuration                  1
   Blink                              Translocation                2
   Call Imp                           Summoning                    2
   Repel Missiles                     Charms/Air                   2
   Slow                               Hexes                        2
   *Conjure Flame                     Conjuration/Fire             3
   *Mephitic Cloud                    Conjuration/Poison/Air       3
Magical staves
 q - an uncursed staff of energy


   Skills:
 - Level 1.5 Dodging
 - Level 1.1 Stealth
 + Level 3.9 Spellcasting
 + Level 4.0 Conjurations
   Level 0.6 Summonings
   Level 0.6 Translocations


You had 2 spell levels left.
You knew the following spells:

 Your Spells              Type           Power        Failure   Level  Hunger
a - Magic Dart            Conj           ###.         3%          1    None
b - Conjure Flame         Conj/Fire      #.......     24%         3    ###....
c - Mephitic Cloud        Conj/Pois/Air  #.......     34%         3    ###....


Dungeon Overview and Level Annotations

Branches:
Dungeon (1/1)

Altars:
Cheibriados
Dithmenos
Elyvilon
Fedhas
Gozag
Kikubaaqudgha
Makhleb
Nemelex Xobeh
Okawaru
Qazlal
Sif Muna
Trog
Vehumet
Xom
Yredelemnul
Zin
The Shining One
Beogh
Jiyva
Lugonu


Innate Abilities, Weirdness & Mutations

You are too large for most types of armour.
You have claws for hands.
Your metabolism is lightning-fast.
You like to eat raw meat.
You heal very quickly.
You can eat rotten meat.
You are covered in fur (AC +1).
You have very tough skin (AC +2).


Message History

You scratch the goliath beetle.
The goliath beetle is heavily wounded.
The goliath beetle bites you.
You scratch the goliath beetle but do no damage.
The goliath beetle is heavily wounded.
The goliath beetle barely misses you.
Unknown command.
You scratch the goliath beetle but do no damage.
The goliath beetle is heavily wounded.
The goliath beetle bites you.
You scratch the goliath beetle but do no damage.
The goliath beetle is heavily wounded.
You scratch the goliath beetle but do no damage.
The goliath beetle is heavily wounded.
The goliath beetle bites you!
Unknown command.
Drink which item? (? for menu, Esc to quit)
You feel yourself speed up. The goliath beetle bites you!!
Ouch! That really hurt!
You die...

▓+▓
▓.▓
▓.▓
▓.▓
▓s▓
▓B▓
▓@▓
▓[▓
▓.▓
▓.▓
▓[▓
▓[▓
▓[▓
▓)▓
▓.▓


You could see a goliath beetle and a scorpion.

Vanquished Creatures
  A crimson imp (D)
  2 adders (D)
  An orc (D)
  A bat skeleton (D)
  A giant cockroach (D)
  2 hobgoblins (D)
  2 kobolds (D)
  A quokka (D)
  A bat (D)
  A goblin (D)
  A rat (D)
14 creatures vanquished.

Notes
Turn   | Place    | Note
--------------------------------------------------------------
     0 | D        | MDvedh, the Troll Wizard, began the quest for the Orb.
     0 | D        | Reached XP level 1. HP: 16/16 MP: 3/3
    10 | D        | Reached skill level 1 in Conjurations
    54 | D        | Noticed a crimson imp
    68 | D        | Killed a crimson imp
    68 | D        | Reached skill level 3 in Spellcasting
    68 | D        | Reached XP level 2. HP: 18/24 MP: 1/5
    68 | D        | Reached XP level 3. HP: 23/31 MP: 1/7
   142 | D        | Learned a level 3 spell: Mephitic Cloud
   153 | D        | Found a glowing silver altar of Zin.
   153 | D        | Found a glowing golden altar of the Shining One.
   153 | D        | Found an ancient bone altar of Kikubaaqudgha.
   153 | D        | Found a basalt altar of Yredelemnul.
   153 | D        | Found a shimmering altar of Xom.
   153 | D        | Found a radiant altar of Vehumet.
   153 | D        | Found an iron altar of Okawaru.
   154 | D        | Found a burning altar of Makhleb.
   155 | D        | Found a deep blue altar of Sif Muna.
   156 | D        | Found a bloodstained altar of Trog.
   157 | D        | Found a sparkling altar of Nemelex Xobeh.
   158 | D        | Found a white marble altar of Elyvilon.
   159 | D        | Found a roughly hewn altar of Beogh.
   160 | D        | Found a viscous altar of Jiyva.
   161 | D        | Became a worshipper of Vehumet
   166 | D        | Learned a level 3 spell: Conjure Flame
   166 | D        | Found a corrupted altar of Lugonu.
   167 | D        | Found a blossoming altar of Fedhas.
   168 | D        | Found a snail-covered altar of Cheibriados.
   169 | D        | Found a shadowy altar of Dithmenos.
   170 | D        | Found a stormy altar of Qazlal.
   171 | D        | Found an opulent altar of Gozag.
   211 | D        | Noticed a scorpion
   211 | D        | Noticed a goliath beetle
   224 | D        | Reached skill level 4 in Conjurations
   225 | D        | Acquired Vehumet's first power
   225 | D        | Offered knowledge of Sting by Vehumet.
   241 | D        | Mangled by a goliath beetle

Action                   || total
-------------------------++-------
Melee: Unarmed           ||    67
 Cast: Magic Dart        ||     3
  Use: Potion            ||     2
